 Dungeon Crawl Stone Soup version 0.29-a0-824-gd827844252 (webtiles) character file.

Game seed: 6728192905026193761

38808 buhh the Transmogrifier (level 14, -3/116 HPs)
             Began as an Octopode Transmuter on July 10, 2022.
             Was an Elder of Cheibriados.
             Killed from afar by Jorgrun (14 damage)
             ... with a blast of rock fragments
             ... while petrified by Jorgrun
             ... on level 1 of the Orcish Mines.
             The game lasted 00:25:03 (23472 turns).

buhh the Transmogrifier (Octopode Transmuter)      Turns: 23472, Time: 00:25:04

Health: -3/116     AC: 11    Str: 31    XL:     14   Next: 3%
Magic:  23/32      EV:  1    Int: 29    God:    Cheibriados [****..]
Gold:   1074       SH:  0    Dex: 29    Spells: 7/17 levels left

rFire   . . .      SeeInvis .     - Unarmed
rCold   + + +      Faith    .   (shield currently unavailable)
rNeg    + + +      Spirit   .   (helmet currently unavailable)
rPois   ∞          Reflect  +   N - amulet of reflection
rElec   +          Harm     .   Y - +6 ring of strength
rCorr   +          Rampage  .   o - +6 ring of dexterity
Will    ++...                   r - +6 ring of strength
Stlth   +++.......              z - ring of the Changing Gods {Drain rElec rN+ rCorr Dex+2}
HPRegen 0.29/turn               A - ring of willpower
MPRegen 0.23/turn               W - ring of protection from fire
                                Q - ring of magical power
                                (no ring)

@: lethally poisoned (-3 -> -3), ice-form, petrified, wereblooded, very slow
A: freezing attack, boosted hp, almost no armour, amphibious, 8 rings, large,
(camouflage 1), (gelatinous body 1), (nimble swimmer 1), (tentacles)
a: End Transformation, Renounce Religion, Bend Time, Temporal Distortion, Slouch


You were on level 1 of the Orcish Mines.
You worshipped Cheibriados.
Cheibriados was greatly pleased with you.
You were a creature of crystalline ice.
You visited 4 branches of the dungeon, and saw 19 of its levels.
You also visited: Ossuary.

You collected 1074 gold pieces.

Inventory:

Missiles
 k - 46 poisoned darts
 R - 7 curare-tipped darts
Magical Staves
 p - a staff of air
 S - a staff of death
 U - a staff of death
Jewellery
 i - an amulet of guardian spirit
 o - a +6 ring of dexterity (right front paw)
 r - a +6 ring of strength (on tentacle)
 z - the ring of the Changing Gods (on tentacle) {Drain rElec rN+ rCorr Dex+2}
   (You found it on level 6 of the Dungeon)

   [ring of positive energy]

   Dex:       It affects your dexterity (+2).
   rElec:     It insulates you from electricity.
   rN:        It protects you from negative energy.
   rCorr:     It protects you from acid and corrosion.
   Drain:     It drains your maximum health when unequipped.
 A - a ring of willpower (on tentacle)
 I - a ring of positive energy
 N - an amulet of reflection (around neck)
 Q - a ring of magical power (on tentacle)
 W - a ring of protection from fire (on tentacle)
 Y - a +6 ring of strength (left front paw)
Wands
 s - a wand of polymorph (19)
 D - a wand of paralysis (5)
 E - a wand of flame (30)
 H - a wand of quicksilver (1)
Scrolls
 c - 6 scrolls of teleportation {!d!d}
 d - 4 scrolls of magic mapping {!d}
 e - 4 scrolls of poison
 f - 3 scrolls of fog
 g - a scroll of amnesia
 h - 4 scrolls of enchant armour
 j - a scroll of enchant weapon
 l - 2 scrolls of immolation {!r}
 m - 2 scrolls of silence {!r}
 G - a scroll of summoning
 L - 5 scrolls of vulnerability
 O - a scroll of fear {!d}
Potions
 n - 5 potions of lignification {!d}
 q - 6 potions of attraction
 t - 3 potions of brilliance {!d}
 u - 2 potions of degeneration
 v - 7 potions of curing {!d}
 w - 6 potions of heal wounds {!d}
 x - a potion of flight {unknown}
 y - 4 potions of haste {!q}
 B - 2 potions of might {unknown}
 F - 2 potions of mutation {unknown}
 J - a potion of invisibility {unknown}
 K - a potion of experience {unknown}
 M - 2 potions of cancellation {unknown}
 T - 2 potions of ambrosia {unknown}
 V - a potion of berserk rage {unknown}
 X - 2 potions of magic {unknown}
 Z - a potion of resistance {unknown}
Miscellaneous
 C - a box of beasts
 P - a condenser vane


   Skills:
 + Level 9.3 Fighting
 + Level 9.3 Dodging
 - Level 2.0 Stealth
 + Level 9.3 Unarmed Combat
 - Level 2.0 Spellcasting
 + Level 13.2 Transmutations
 - Level 5.0 Ice Magic
 - Level 1.0 Poison Magic
 - Level 13.0 Invocations


You had 7 spell levels left.
You knew the following spells:

 Your Spells              Type           Power      Damage    Failure   Level
a - Beastly Appendage     Tmut           100%       N/A       1%          1
b - Wereblood             Tmut           68%        N/A       1%          2
c - Spider Form           Tmut/Pois      44%        N/A       1%          3
d - Ice Form              Ice/Tmut       53%        N/A       1%          4

Your spell library contained the following spells:

 Spells                   Type           Power      Damage    Failure   Level
 Blade Hands              Tmut           34%        N/A       1%          5
 Ensorcelled Hibernation  Hex/Ice        34%        N/A       4%          2
 Petrify                  Tmut/Erth      41%        N/A       5%          4
 Apportation              Tloc           4%         N/A       9%          1
 Necrotise                Necr           8%         1d4       9%          1
 Shock                    Conj/Air       8%         1d3       9%          1
 Poisonous Vapours        Pois/Air       10%        N/A       11%         2
 Blink                    Tloc           4%         N/A       13%         2
 Sublimation of Blood     Necr           2%         N/A       13%         2
 Alistair's Intoxication  Tmut/Pois      29%        N/A       13%         5
 Irradiate                Conj/Tmut      20%        3d20      16%         5
 Call Canine Familiar     Summ           2%         N/A       26%         3
 Gell's Gravitas          Tloc           2%         N/A       26%         3
 Lesser Beckoning         Tloc           2%         N/A       26%         3
 Portal Projectile        Hex/Tloc       4%         N/A       26%         3
 Swiftness                Air            2%         N/A       26%         3
 Teleport Other           Tloc           2%         N/A       26%         3
 Vampiric Draining        Necr           2%         2d6       26%         3
 Corpse Rot               Necr/Pois/Air  4%         N/A       58%         4
 Airstrike                Air            1%         0-2+      63%         4
 Anguish                  Hex/Necr       1%         N/A       63%         4
 Leda's Liquefaction      Hex/Erth       1%         N/A       63%         4
 Agony                    Necr           2%         N/A       93%         5
 Manifold Assault         Tloc           2%         N/A       93%         5
 Summon Forest            Summ/Tloc      1%         N/A       93%         5
 Summon Mana Viper        Hex/Summ       2%         N/A       93%         5
 Conjure Ball Lightning   Conj/Air       1%         3x3d6     100%        6
 Iron Shot                Conj/Erth      1%         9d1       100%        6
 Summon Cactus Giant      Summ           1%         N/A       100%        6
 Malign Gateway           Summ/Tloc      1%         N/A       100%        7
 Discord                  Hex            1%         N/A       100%        8
 Disjunction              Tloc           1%         N/A       100%        8
 Summon Horrible Things   Summ           1%         N/A       100%        8
 Animate Armour           Summ/Erth      Unusable   N/A       N/A         4

Dungeon Overview and Level Annotations

Branches:
Dungeon (11/15) Zot: 40380  Temple (1/1) D:5 Zot: 8961    Lair (6/6) D:10 Zot: 37376
 Shoals (0/4) Lair:4       Spider (0/4) Lair:4        Slime (0/5) Lair:5
    Orc (1/2) D:10 Zot: 8955 Ossuary (visited)

Altars:
Ashenzari
Cheibriados
Dithmenos
Elyvilon
Gozag
Ru
Sif Muna
Trog
Vehumet
Zin
Jiyva

Shops:
D:10 (

Annotations:
D:3 exclusion: downstairs
D:7 exclusions: 2 downstairs and steam dragon
D:8 exclusion: steam dragon
D:11 exclusion: two-headed ogre
Lair:5 exclusion: 5 steam dragons
Orc:1 Jorgrun


Innate Abilities, Weirdness & Mutations

You are a creature of crystalline ice.
You have a powerful freezing melee attack.
Your maximum health is increased.
You are immune to poison.
Your armour is entirely melded.
You are incapable of wielding weapons or throwing items.
You cannot wear most types of armour.
You are amphibious.
You can wear up to eight rings at the same time.
((Your skin changes colour to match your surroundings (Stealth+).))
((Your rubbery body absorbs attacks. (AC +1, EV +1)))
((You are camouflaged when in or above water. (Stealth+)))
((You have tentacles for arms and can constrict up to eight enemies at once.))


Message History

You kill the orc sorcerer!
Cheibriados appreciates the change of pace.
You feel a bit better.
You kill the orc warrior!
Cheibriados appreciates the change of pace.
You kill the ogre!
Cheibriados appreciates the change of pace.
You kill the troll!
Cheibriados thoroughly appreciates the change of pace.
Cheibriados lowers the support of your attributes as your movement quickens.
You feel sick.
Jorgrun points at you and mumbles some strange words.
You are slowing down.
You feel much better.
Jorgrun points at you and mumbles some strange words.
Your limbs have turned to stone.
You have turned to stone.
Jorgrun points at you and mumbles some strange words.
Roots burst forth from the earth!
The grasping roots grab you! The grasping roots constrict you!
Jorgrun drinks a potion.
Jorgrun seems to speed up.
The grasping roots constrict you! The grasping roots constrict you! x2
You howl as the wereblood boils in your veins!
The grasping roots constrict you!
* * * LOW HITPOINT WARNING * * *
The grasping roots constrict you!
* * * LOW HITPOINT WARNING * * *
The grasping roots constrict you!
* * * LOW HITPOINT WARNING * * *
You howl as the wereblood boils in your veins!
Jorgrun says, "'tis place shall be yer tomb!"
The grasping roots constrict you!
* * * LOW HITPOINT WARNING * * *
The grasping roots release their grip on you.
Jorgrun hits you with a +0 vorpal quarterstaff.
* * * LOW HITPOINT WARNING * * *
Jorgrun casts a spell next to you.
The wall shatters!
The blast of rock fragments hits you!!
You die...

#........>....
##....).#.....#
#.. #..<...#..
##.##..........
#...##)#..##.$#
#.#.)))#.## #
#..).....#
##)#)#..##
#)Y#...#
#..)g)#.##
#....)#....
##..........
#...... .#...#
.....#.....#.##
.......... .###
............#


You could see Jorgrun (fast).

Vanquished Creatures
  2 dire elephants (Lair:6)
  Nessos (Lair:6)
  A two-headed ogre (D:9)
  5 hydras
  2 death yaks (Lair:6)
  Sonja (Lair:6)
  2 orc sorcerers (Orc:1)
  9 elephants (Lair:6)
  Maggie (D:8)
  5 black mambas
  8 cane toads
  2 torpor snails
  A dire elephant skeleton (Lair:6)
  3 rime drakes
  8 komodo dragons
  2 trolls
  A polar bear (Lair:4)
  A hornet (Lair:4)
  14 blink frogs
  41 yaks
  4 wyverns
  A vampire (D:6)
  A shadow (D:6)
  2 wraiths (D:10)
  5 basilisks
  13 water moccasins
  2 acid dragons (D:9)
  2 black bears
  2 ice beasts
  4 orc warriors
  An elephant zombie (Lair:6)
  A sky beast (D:3)
  4 ogres
  25 wolves
  3 phantoms
  A kobold brigand (D:8)
  11 bullfrogs
  2 gnoll sergeants
  2 necrophages
  10 scorpions
  5 wights (D:9)
  6 killer bees
  A howler monkey (D:10)
  6 centaur zombies (Ossuary)
  2 hounds
  A jelly (D:5)
  7 orc priests
  A human zombie (Ossuary)
  2 iguanas
  9 orc wizards
  6 scorpion zombies (Ossuary)
  5 mummies
  13 adders
  14 gnolls
  4 white imps
  An ufetubus (D:6)
  A worm (D:5)
  2 dart slugs
  35 orcs
  A bat (D:2)
  3 endoplasms
  2 giant cockroaches
  2 gnoll zombies (Ossuary)
  4 goblins
  4 hobgoblins
  7 jackals (D:1)
  15 kobolds
  3 quokkas
  10 ball pythons
  3 frilled lizards
  3 goblin zombies (Ossuary)
  3 hobgoblin zombies
  2 kobold zombies
  4 orc zombies
  5 rats
398 creatures vanquished.

Vanquished Creatures (collateral kills)
  Ijyb (D:3)
1 creature vanquished.

Vanquished Creatures (others)
  3 bushes (Lair:2)
  23 fungi
  62 plants
  18 withered plants (Lair:6)
106 creatures vanquished.

Grand Total: 505 creatures vanquished

Notes
Turn   | Place    | Note
-------+----------+-------------------------------------------
     0 | D:1      | buhh the Octopode Transmuter began the quest for the Orb.
     0 | D:1      | Reached XP level 1. HP: 13/13 MP: 3/3
   414 | D:1      | Reached skill level 1 in Stealth
   414 | D:1      | Reached XP level 2. HP: 18/18 MP: 3/5
   417 | D:1      | Reached skill level 1 in Poison Magic
   459 | D:1      | Found a faded altar of an unknown god.
   459 | D:1      | Noticed a hell beast
  1298 | D:2      | Reached XP level 3. HP: 23/23 MP: 4/6
  1691 | D:2      | Learned a level 2 spell: Wereblood
  1695 | D:2      | Learned a level 3 spell: Spider Form
  1996 | D:3      | Found a broken altar of Ashenzari.
  2102 | D:3      | Noticed Ijyb
  2158 | D:3      | Found a radiant altar of Vehumet.
  2471 | D:3      | Reached XP level 4. HP: 29/29 MP: 5/7
  2933 | D:3      | Reached XP level 5. HP: 35/35 MP: 6/8
  3225 | D:3      | Identified the +0 leather armour "Quafos" {rElec}
  3844 | D:4      | Noticed an orc warrior
  3846 | D:4      | Reached XP level 6. HP: 42/42 MP: 7/9
  3978 | D:3      | Killed Ijyb
  4249 | D:4      | Noticed a sky beast
  4264 | D:3      | Killed a sky beast
  5094 | D:4      | Reached XP level 7. HP: 45/47 MP: 7/10
  5159 | D:4      | Reached skill level 5 in Unarmed Combat
  5373 | D:4      | You fall into a shaft and drop 1 floor!
  5373 | D:5      | Entered Level 5 of the Dungeon
  5519 | D:5      | Found a staircase to the Ecumenical Temple.
  5540 | Temple   | Entered the Ecumenical Temple
  5571 | D:5      | Found a sand-covered staircase.
  5578 | Ossuary  | Entered an ossuary
  5844 | Ossuary  | Reached skill level 5 in Dodging
  5920 | Ossuary  | Reached XP level 8. HP: 45/54 MP: 2/11
  6067 | Ossuary  | Reached skill level 5 in Fighting
  7274 | D:5      | Reached skill level 5 in Transmutations
  7280 | D:5      | Reached skill level 1 in Ice Magic
  7280 | D:5      | Reached XP level 9. HP: 37/62 MP: 2/12
  7705 | Temple   | Became a worshipper of Cheibriados the Contemplative
  8655 | D:5      | Found a shadowy altar of Dithmenos.
  8865 | D:6      | Identified the ring of the Changing Gods {Drain rElec rN+
                  | rCorr Dex+2}
  9461 | D:6      | Learned a level 4 spell: Ice Form
  9626 | D:6      | Reached skill level 5 in Ice Magic
 10087 | D:6      | Found a white marble altar of Elyvilon.
 10508 | D:7      | Reached skill level 1 in Invocations
 10568 | D:7      | Reached * piety under Cheibriados
 11419 | D:8      | Noticed Maggie
 12379 | D:8      | Killed Maggie
 12380 | D:8      | Reached XP level 10. HP: 49/69 MP: 5/13
 12583 | D:8      | Found an opulent altar of Gozag.
 13117 | D:9      | Reached ** piety under Cheibriados
 13755 | D:9      | Found a sacrificial altar of Ru.
 13787 | D:9      | Noticed a two-headed ogre
 13796 | D:9      | Killed a two-headed ogre
 14896 | D:10     | Entered Level 10 of the Dungeon
 14960 | D:10     | Reached skill level 5 in Invocations
 14965 | D:10     | Reached XP level 11. HP: 52/77 MP: 6/14
 15189 | D:10     | Found a glowing silver altar of Zin.
 15351 | D:10     | Found a staircase to the Orcish Mines.
 15409 | D:10     | Found a shimmering blue altar of Sif Muna.
 15418 | D:10     | Found a staircase to the Lair.
 15654 | D:10     | Reached *** piety under Cheibriados
 15765 | D:10     | Found Obe Yme's Antique Weapon Emporium.
 15848 | D:11     | Noticed a two-headed ogre
 15882 | Lair:1   | Entered Level 1 of the Lair of Beasts
 15914 | Lair:1   | Noticed an eight-headed hydra
 15923 | Lair:1   | Killed an eight-headed hydra
 16514 | Lair:1   | You fall into a shaft and drop 1 floor!
 16879 | Lair:1   | Reached **** piety under Cheibriados
 17345 | Lair:2   | Reached XP level 12. HP: 85/85 MP: 10/17
 17990 | Lair:3   | Reached ***** piety under Cheibriados
 18816 | Lair:4   | Noticed a death yak
 18817 | Lair:4   | Noticed a death yak
 19062 | Lair:4   | Found a staircase to the Shoals.
 19080 | Lair:4   | Found a broken altar of Ashenzari.
 19100 | Lair:4   | Reached skill level 10 in Transmutations
 19237 | Lair:4   | Noticed an eight-headed hydra
 19245 | Lair:4   | Killed an eight-headed hydra
 19246 | Lair:4   | Reached skill level 10 in Invocations
 19673 | Lair:4   | Found a hole to the Spider Nest.
 19853 | Lair:5   | Noticed a seven-headed hydra
 19858 | Lair:5   | Killed a seven-headed hydra
 19859 | Lair:5   | Reached XP level 13. HP: 60/90 MP: 1/21
 20408 | Lair:5   | Found a viscous altar of Jiyva.
 20408 | Lair:5   | Found a staircase to the Slime Pits.
 20751 | Lair:6   | Entered Level 6 of the Lair of Beasts
 21801 | Lair:6   | Found a bloodstained altar of Trog.
 21856 | Lair:6   | Noticed Sonja
 21859 | Lair:6   | Noticed Nessos
 21860 | Lair:6   | Killed Sonja
 21862 | Lair:6   | Killed Nessos
 22537 | Lair:6   | Noticed a dire elephant
 22538 | Lair:6   | Noticed a dire elephant
 22538 | Lair:6   | Noticed a dire elephant
 22548 | Lair:6   | Noticed a dire elephant
 22563 | Lair:6   | Killed a dire elephant
 22806 | Lair:6   | Noticed a dire elephant
 22828 | Lair:6   | Killed a dire elephant
 23431 | Orc:1    | Entered Level 1 of the Orcish Mines
 23457 | Orc:1    | Paralysed by an orc sorcerer for 5 turns
 23463 | Orc:1    | Noticed Jorgrun
 23464 | Orc:1    | Reached XP level 14. HP: 26/97 MP: 23/23
 23472 | Orc:1    | Killed from afar by Jorgrun

Illustrated notes

Levels and vault maps discovered:
D:1:      scummos_arrival_gate, layout_basic,
          dreamdust_ecumenical_altar_sealed_demon
D:2:      layout_rooms, kennysheep_generic_room_15
D:3:      layout_loops_corners, vehumet_altar_wand_db,
          mainiacjoe_overflow_catwalk, minmay_snake_closets, uniq_ijyb
D:4:      layout_basic, mainiacjoe_overflow_alcove_2, nicolae_uskayaw_suspiria,
          st_stairs_3, minivault_23, guppyfry_early_orc_mine
D:5:      layout_layer_cave, mainiacjoe_overflow_alcove_4, temple_green,
          gup_ossuary_entry_pyramid, minmay_mini_ossuary
D:6:      minmay_klotski, layout_basic, general_overflow_altar
D:7:      layout_loops_ring
D:8:      layout_basic, mainiacjoe_overflow_paths, marbit_many_paths,
          serial_bayou, serial_bayou_crossing, serial_bayou_shore_b,
          serial_bayou_pond_e, serial_bayou_ford_a, lemuel_flamethrower_2,
          uniq_maggie
D:9:      layout_basic, lemuel_coloured_pillars_altar
D:10:     layout_basic, zin_scriptorium, lemuel_round_altar, lair_entry_dummy,
          orc_0_dummy, serial_shops, nicolae_shop_advertising_works
          [nicolae_subvault_shop_adworks]
D:11:     layout_loops_ring, maelrawn_ghost_gauntlet_escape
Temple:   bh_familiar_temple
Lair:1:   layout_regular_city, grunt_megastairs_5
Lair:2:   layout_misc_corridors
Lair:3:   layout_regular_city, serial_bayou_shore_a
Lair:4:   layout_gridlike, minmay_shoals_entry_lonely_mermaid,
          spider_nest_entry_web_field, serial_rivers,
          chequers_serial_rivers_large_b, chequers_serial_rivers_room_a,
          chequers_serial_rivers_room_a, chequers_serial_rivers_small_a,
          basic_altar, infiniplex_staircase_pool_2
Lair:5:   layout_regular_city, slime_entry_1, enter_volcano_1,
          bobbens_dragon_lair_wall
Lair:6:   due_jungle_book, layout_loops_ring, basic_altar,
          nicolae_lair_yak_garden, grunt_megastairs_3, uniq_sonja, uniq_nessos
Orc:1:    layout_caves, basic_altar, uniq_jorgrun

Skill      XL: |  1  2  3  4  5  6  7  8  9 10 11 12 13 |
---------------+----------------------------------------+-----
Stealth        | 1 2 |  2.0
Poison Magic   | 1 |  1.0
Fighting       | 2 3 4 6 7 9 |  9.3
Dodging        | 3 4 5 6 7 9 |  9.3
Unarmed Combat | 4 5 6 7 9 |  9.3
Transmutations | 5 7 8 11 13 | 13.2
Ice Magic      | 1 5 |  5.0
Invocations    | 3 5 7 10 13 | 13.0
Spellcasting   | |  2.0

Action                   |  1- 3 |  4- 6 |  7- 9 | 10-12 | 13-15 || total
-------------------------+-------+-------+-------+-------+-------++-------
Melee: Unarmed           |    79 |    86 |   282 |   378 |   191 ||  1016
       Constrict         |    24 |    21 |    39 |     3 |       ||    87
       Tentacles         |    11 |     9 |    45 |     5 |       ||    70
       Kick              |    14 |    19 |    49 |       |       ||    82
       Punch             |     2 |     1 |     6 |     1 |       ||    10
 Cast: Beastly Appendage |    27 |    25 |    29 |       |       ||    81
       Spider Form       |       |     4 |    12 |       |       ||    16
       Wereblood         |       |     1 |     3 |    14 |     4 ||    22
       Ice Form          |       |       |    15 |    64 |    25 ||   104
Invok: Step From Time    |       |       |       |     1 |     2 ||     3
       Slouch            |       |       |       |       |     4 ||     4
Evoke: Wand              |       |       |       |     7 |       ||     7
  Use: Potion            |     2 |     1 |       |       |     2 ||     5
       Scroll            |       |     3 |    10 |    13 |     8 ||    34
 Stab: Sleeping          |     9 |    11 |     3 |     4 |     1 ||    28
       Distracted        |       |     1 |       |       |     1 ||     2
Armor: Skin              |     3 |       |    31 |    94 |    61 ||   189
Dodge: Dodged            |    45 |    44 |   238 |   361 |   150 ||   838
Block: Other             |       |       |       |       |    54 ||    54

Table legend: (Time is in decaauts)
 A = Elapsed time spent in this place.
 B = Non-inter-level travel time spent in this place.
 C = Inter-level travel time spent in this place.
 D = Time resting spent in this place.
 E = Time spent auto-exploring this place.
 F = Levels seen in this place.
 G = Mean time per level.
                   A        B        C        D        E       F      G
               +--------+--------+--------+--------+--------+-----+--------+
         Total |  27374 |  26414 |    960 |   4106 |  19055 |  20 | 1368.7 |
       Dungeon |  16115 |  15383 |    732 |   1964 |  11714 |  11 | 1465.0 |
        Temple |     28 |     18 |     10 |      0 |      4 |   1 |   28.0 |
          Lair |   9681 |   9464 |    217 |   1495 |   6765 |   6 | 1613.5 |
  Orcish Mines |     43 |     43 |      0 |      0 |      0 |   1 |   43.0 |
       Ossuary |   1506 |   1506 |      0 |    647 |    571 |   1 | 1506.0 |
               +--------+--------+--------+--------+--------+-----+--------+

Top non-repeatable levels by time:
     D:6: 2429 daAuts
  Lair:6: 2423 daAuts
     D:3: 2229 daAuts
     D:9: 2089 daAuts
     D:5: 2007 daAuts
  Lair:5: 1932 daAuts
     D:7: 1719 daAuts
  Lair:4: 1563 daAuts
 Ossuary: 1506 daAuts
  Lair:2: 1390 daAuts
    D:10: 1363 daAuts
     D:1: 1286 daAuts
  Lair:3: 1250 daAuts
     D:4: 1227 daAuts
     D:8: 1133 daAuts
